AoeStats
← bkg45

Pilgrims

507854266Analyzed
4v4 RM · 12d ago on Sep 19, 2026· 44m 23s· 8 players
Game mode
Random Map
Map size
Large (8 player)
Population
200
Speed
Normal
Resources
Standard
Victory
Conquest
Starting age
Dark Age
Ending age
Imperial Age
RankedLock teamsTeams togetherTeam positionsShared explorationLock speedFull tech treeHidden civsTurbo modeCheats
Victory
Defeat
🇲🇽 Armenians · Mexico
1432
+12
🇪🇨 Dravidians · Ecuador
1415
+13
🇪🇨 Huns · Ecuador
1372
+15
🇪🇸 Saracens · Spain
1311
+18
🇺🇸 Muisca · United States
1383
-16
🇦🇷 Japanese · Argentina
1383
-16
🇺🇸 Bulgarians · United States
1328
-14
🇺🇸 Wei · United States
1280
-12
Howie
9:44 Loom
12:26 Feudal Age
19:25 Castle Age
18:15 Double-Bit Axe
18:42 Horse Collar
22:51 Bow Saw
23:15 Stone Mining
25:23 Wheelbarrow
24:46 Gold Mining
24:59 Heavy Plow
30:46 Imperial Age
29:44 Scale Barding Armor
29:50 Forging
29:49 Fletching
31:04 Chain Barding Armor
32:00 Iron Casting
32:37 Bodkin Arrow
33:45 Blast Furnace
34:27 Conscription
36:47 Hand Cart
36:21 Town Watch
36:50 Bloodlines
36:40 Husbandry
36:21 Elite Tiger Cavalry
40:55 Bodkin Arrow
41:55 Ming Guang Armor
41:38 Tuntian
genghis bong
8:38 Loom
12:36 Feudal Age
13:40 Fishing Lines
13:59 Town Watch
14:18 Double-Bit Axe
14:15 Horse Collar
14:30 Gold Mining
16:48 Castle Age
14:39 Horse Collar
15:40 Fletching
17:54 Bodkin Arrow
18:00 Padded Archer Armor
17:27 Crossbowman
19:04 Leather Archer Armor
19:00 Squires
19:41 Bow Saw
23:28 Wheelbarrow
23:26 Heavy Plow
23:56 Town Watch
27:07 Imperial Age
26:01 Forging
27:13 Redemption
27:24 Sanctity
27:51 Gold Shaft Mining
27:39 Heavy Plow
27:08 Capped Ram
28:52 Block Printing
28:50 Arbalester
31:16 Fervor
31:09 Devotion
32:09 Thumb Ring
36:56 Hand Cart
36:43 Bracer
37:48 Pikeman
bkg45
9:07 Loom
12:45 Feudal Age
13:47 Town Watch
16:31 Castle Age
14:36 Double-Bit Axe
14:58 Horse Collar
15:08 Town Watch
17:49 Fletching
18:24 Bodkin Arrow
26:16 Wheelbarrow
27:18 Hand Cart
40:02 Heavy Plow
46:54 Imperial Age
I hate Arabia
9:00 Loom
13:15 Feudal Age
14:38 Town Watch
17:31 Castle Age
15:21 Double-Bit Axe
16:08 Fishing Lines
16:45 Forging
18:58 Wheelbarrow
18:41 Medium Warships
19:35 Bow Saw
20:11 Iron Casting
19:50 Gillnets
24:36 Horse Collar
24:57 Stone Mining
25:32 Fletching
26:21 Bodkin Arrow
26:38 Padded Archer Armor
32:09 Hand Cart
34:01 Ballistics
34:02 Thumb Ring
35:06 Thumb Ring
36:28 Gold Mining
37:18 Leather Archer Armor
37:53 Masonry
38:04 Husbandry
38:15 Bloodlines
42:40 Imperial Age
42:52 Imperial Age
40:50 Elite Skirmisher
46:54 Imperial Age
BP | ham.io
3:23 Loom
13:15 Feudal Age
20:25 Castle Age
18:40 Fletching
21:38 Medium Warships
21:24 Bodkin Arrow
22:26 Fishing Lines
26:48 Imperial Age
24:50 Gillnets
28:42 Heavy Warships
29:26 Bracer
30:10 Double-Bit Axe
31:53 Wheelbarrow
32:17 Bow Saw
31:37 Elite Composite Bowman
32:37 Conscription
32:23 Gold Mining
33:23 Padded Archer Armor
36:30 Hand Cart
37:49 Cilician Fleet
38:44 Leather Archer Armor
39:37 Gold Shaft Mining
41:40 Chemistry
41:00 Ballistics
El coco
9:43 Loom
11:29 Feudal Age
12:31 Town Watch
13:23 Double-Bit Axe
13:33 Gold Mining
16:11 Forging
15:59 Fishing Lines
18:53 Castle Age
19:44 Fletching
20:29 Bodkin Arrow
21:18 Gold Shaft Mining
21:16 Medium Warships
21:30 Bow Saw
22:54 Iron Casting
24:00 Wheelbarrow
24:16 Gillnets
25:56 Hand Cart
25:41 Town Patrol
26:28 Town Patrol
28:01 Horse Collar
31:06 Imperial Age
34:33 Bracer
35:27 Heavy Warships
35:05 Onager
36:17 Conscription
36:36 Hoardings
36:25 Conscription
38:36 Chemistry
38:36 Guard Tower
39:06 Ballistics
38:50 Scale Mail Armor
39:23 Bloodlines
39:13 Husbandry
40:33 Scale Barding Armor
41:31 Fortified Wall
41:43 Heavy Camel Rider
43:35 Blast Furnace
42:55 Chain Barding Armor
43:36 Blast Furnace
42:56 Chain Barding Armor
43:36 Blast Furnace
TREX KID BOO
6:16 Loom
12:23 Feudal Age
13:06 Double-Bit Axe
14:28 Fletching
14:39 Padded Archer Armor
19:32 Castle Age
18:06 Fishing Lines
18:11 Horse Collar
19:31 Scale Barding Armor
19:37 Forging
19:40 Bloodlines
20:02 Town Watch
20:32 Medium Warships
20:53 Leather Archer Armor
20:34 Bodkin Arrow
22:55 Ballistics
22:46 Clinker Construction
22:47 Careening
25:14 Husbandry
26:23 Gillnets
27:06 Heavy Plow
30:32 Wheelbarrow
30:58 Town Patrol
37:22 Imperial Age
37:47 Chain Barding Armor
37:44 Bow Saw
39:54 Plate Barding Armor
39:30 Forging
38:44 Cavalier
42:04 Paladin
43:21 Hand Cart
42:35 Light Cavalry
44:18 Two-Man Saw
el adriano
9:06 Loom
12:16 Feudal Age
13:31 Double-Bit Axe
13:38 Gold Mining
15:17 Town Watch
16:08 Wheelbarrow
15:53 Fletching
22:28 Castle Age
21:26 Padded Archer Armor
23:14 Bodkin Arrow
26:04 Thumb Ring
28:36 Leather Archer Armor
29:08 Horse Collar
36:14 Imperial Age
34:45 Bow Saw
34:26 Stone Mining
37:03 Bracer
37:28 Ballistics
38:09 Chemistry
36:47 Elite Skirmisher
39:07 Ring Archer Armor
45:13 Two-Man Saw
45:02 Heavy Plow
Connection lost

Rejoining the realm…

Still unreachable

The connection could not be restored.

Session expired

The server has moved on; the page needs a fresh start.